Selects Advanced Infantry Battlegroup
Mechanized Support Center
Construct Weapon Support Center
Construct Medical Station
Selects Convert to Ranger Squad
Selects Artillery Observers
M3 Armored Personnel Carrier
Selects Frontline Medical Station
M3 75 mm Gun Motor Carriage
Selects M2A1 105mm Howitzer Emplacement
Designate Forward Repair Station
Selects 155mm Rapid Artillery Barrage
Selects Ranger Weapon Training
155mm Rapid Artillery Barrage
155mm Rapid Artillery Barrage
155mm Rapid Artillery Barrage
155mm Rapid Artillery Barrage
Designate Forward Repair Station
155mm Rapid Artillery Barrage
Frontline Medical Station
155mm Rapid Artillery Barrage
M3 Armored Personnel Carrier
155mm Rapid Artillery Barrage
155mm Rapid Artillery Barrage